cohdb
Replays
Latest Replays
All Replays
Popular Replays
Top Player Replays
Match Explorer
How It Works
Community
CoH3 Stats
Reddit
Sign in to upload your games and track your stats! →
Sign in with Steam
Match 43852746
Unlisted
Match 43852746
Overview
Messages
Build Orders
End
Construct Section Command Post
Vickers Machine Gun Team
Selects Canadian Shock Battlegroup
Dingo Light Scout Car
Infantry Section
Infantry Section
Grenade Package
Selects Attacking Spirit
Selects Canadian Shock Section
Canadian Shock Section
Construct Platoon Command Post
Selects Incendiary Munitions
6-pounder Anti-tank Gun Team
Forward Retreat Point
Construct Company Command Post
Crusader II Medium Tank
Crusader II Medium Tank
Selects Pyrotechnics
Selects Smoke Operation
Armored Vehicle Training
Crusader II Medium Tank
Unlock Towed 17-pounder Anti-tank Guns
17-pounder Anti-tank Gun Team
CMP 15cwt Truck
Foot Guards Section
Unlock M3 Grant Medium Tanks
M3 Grant Medium Tank
Selects Churchill Crocodile Heavy Tank
M3 Grant Medium Tank
17-pounder Anti-tank Gun Team
Royal Engineer Section
Gwangju's Hero Chun Doo-gwang
freedman1984
Computer - Hard
FloppyBob
[RN] Friedus
ProxyFox
Personal Iroha Cushion
Sp1tzbua
0
0
Comments
sign in to comment!
No comments posted yet!